 Dungeon Crawl Stone Soup version 0.29-a0-542-g075992c915 (webtiles) character file.

Game seed: 5749784943703786200

50 MechDurjaeses the Chopper (level 3, 0/33 HPs)
             Began as a Hill Orc Fighter on June 4, 2022.
             Slain by a gnoll
             ... wielding a +0 spear
              (4 damage)
             ... on level 2 of the Dungeon.
             The game lasted 00:03:22 (1483 turns).

MechDurjaeses the Chopper (Hill Orc Fighter)        Turns: 1483, Time: 00:03:22

Health: 0/33       AC: 10    Str: 20    XL:     3   Next: 79%
Magic:  3/3        EV:  5    Int:  8    God:
Gold:   70         SH:  0    Dex: 10    Spells: 2/2 levels left

rFire   . . .      SeeInvis .   r - +2 war axe (flame)
rCold   . . .      Faith    .   c - +0 buckler
rNeg    . . .      Spirit   .   b - +0 scale mail
rPois   .          Reflect  .   (no helmet)
rElec   .          Harm     .   q - +2 cloak {Will+}
rCorr   .          Rampage  .   (no gloves)
Will    +....                   (no boots)
Stlth   ..........              (no amulet)
HPRegen 0.11/turn               (no ring)
MPRegen 0.08/turn               (no ring)

@: held
A: no striking features
a: no special abilities


You were on level 2 of the Dungeon.
You visited 1 branch of the dungeon, and saw 2 of its levels.

You collected 70 gold pieces.

Inventory:

Hand Weapons
 j - a +2 vorpal hunting sling
 r - a +2 war axe of flaming (weapon)
Armour
 b - a +0 scale mail (worn)
 c - a +0 buckler (worn)
 q - a +2 cloak of willpower (worn)
Scrolls
 e - 5 scrolls of identify {unknown}
 g - a scroll of enchant armour {unknown}
 h - a scroll of fear {unknown}
 k - 2 scrolls of vulnerability {unknown}
 l - 2 scrolls of summoning {unknown}
Potions
 d - a potion of might
 f - a potion of magic {unknown}
 m - a potion of mutation {unknown}
 n - 2 potions of curing {unknown}
 o - 2 potions of lignification {unknown}
 p - a potion of heal wounds {unknown}


   Skills:
 + Level 4.0 Fighting
 * Level 4.1 Axes
 + Level 3.8 Armour
 + Level 3.5 Shields


You had 2 spell levels left.
You didn't know any spells.
Your spell library contained the following spells:

 Spells                   Type           Power      Damage    Failure   Level
 Gell's Gravitas          Tloc           0%         N/A       99%         3
 Teleport Other           Tloc           0%         N/A       99%         3
 Dispersal                Tloc           0%         N/A       100%        6


Dungeon Overview and Level Annotations

Branches:
Dungeon (2/15)

Altars:


Message History

You block the gnoll's attack. The gnoll barely misses you.
You closely miss the gnoll. You barely miss the gnoll.
The gnoll hits you but does no damage. The gnoll barely misses you. x2
The gnoll closely misses you.
The gnoll hits you from afar with a +2 spear of flaming.
The gnoll burns you.
The gnoll hits you from afar with a +0 spear.
The gnoll hits you but does no damage.
You hit the gnoll but do no damage. You hit the gnoll. You burn the gnoll.
The gnoll hits you but does no damage. The gnoll barely misses you.
You block the gnoll's attack.
You barely miss the gnoll.
The gnoll is moderately wounded.
You completely miss the gnoll.
An endoplasm comes into view.
The gnoll hits you but does no damage. The gnoll closely misses you.
The gnoll hits you from afar with a +0 spear.
The gnoll throws a throwing net.
The throwing net hits you.
You become entangled in the net!
You are held in a net!
Unknown command.
You struggle against the net.
The endoplasm quivers.
The gnoll hits you with a +0 spear. The rat barely misses you.
The gnoll hits you with a +0 spear. The gnoll hits you but does no damage.
The gnoll hits you from afar with a +2 spear of flaming.
The gnoll burns you.
* * * LOW HITPOINT WARNING * * *
You struggle against the net.
The gnoll hits you with a +0 spear.
* * * LOW HITPOINT WARNING * * *
The rat barely misses you. The gnoll hits you with a +0 spear.
* * * LOW HITPOINT WARNING * * *
The gnoll hits you from afar with a +0 spear.
* * * LOW HITPOINT WARNING * * *
The gnoll hits you but does no damage.
As you read the scroll labelled COHEUH GECHIOK, it crumbles to dust.
The scroll dissolves into smoke.
It was a scroll of fog.
The gnoll hits you but does no damage. The rat bites you but does no damage.
The gnoll hits you with a +0 spear.
You die...

##.# #..# #....# #.# #.##
#..... #.# #.# #.....
#.###.# #####... #.##..#
........ # #..####.#..
.##.... ###.#.#........
#.... ...>..§r##.....
#..... ##...§§@g# .r.
#.......
......§§g...............
.......gg.§.......####...
#................ #.##
#...........#... ...
#......J...#... ###
#........... ..
##...........


You could see 4 gnolls and a rat.

Vanquished Creatures
  3 dart slugs
  6 ball pythons
  3 bats
  4 endoplasms
  4 giant cockroaches
  4 goblins
  6 hobgoblins
  3 jackals (D:2)
  2 quokkas
  A frilled lizard (D:1)
  2 kobolds (D:1)
38 creatures vanquished.

Notes
Turn   | Place    | Note
-------+----------+-------------------------------------------
     0 | D:1      | MechDurjaeses the Hill Orc Fighter began the quest for the
                  | Orb.
     0 | D:1      | Reached XP level 1. HP: 19/19 MP: 1/1
   294 | D:1      | Reached XP level 2. HP: 24/27 MP: 2/2
   725 | D:1      | Reached XP level 3. HP: 33/33 MP: 3/3
  1483 | D:2      | Slain by a gnoll

Illustrated notes

Levels and vault maps discovered:
D:1:      mainiacjoe_arrival_reflecting_pool, layout_loops_corners
D:2:      layout_rooms, minmay_pentomino_x4

Skill      XL: |  1  2  3 |
---------------+----------+-----
Fighting       | 4 |  4.0
Axes           | 3 4 |  4.1
Armour         | |  3.8
Shields        | |  3.5

Action                   || total
-------------------------++-------
Melee: War axe           ||   107
  Use: Scroll            ||     1
Armor: Scale mail        ||    61
Dodge: Dodged            ||    64
Block: Buckler           ||    22

Table legend: (Time is in decaauts)
 A = Elapsed time spent in this place.
 B = Non-inter-level travel time spent in this place.
 C = Inter-level travel time spent in this place.
 D = Time resting spent in this place.
 E = Time spent auto-exploring this place.
 F = Levels seen in this place.
 G = Mean time per level.
                   A        B        C        D        E       F      G
               +--------+--------+--------+--------+--------+-----+--------+
         Total |   1523 |   1435 |     88 |      0 |   1157 |   2 |  761.5 |
       Dungeon |   1523 |   1435 |     88 |      0 |   1157 |   2 |  761.5 |
               +--------+--------+--------+--------+--------+-----+--------+

Top non-repeatable levels by time:
     D:1: 1169 daAuts
     D:2: 353 daAuts
